 Dungeon Crawl Stone Soup version 0.28.0 (webtiles) character file.

Game seed: 17449138234220999828

2579 issech the Basher (level 9, -2/88 HPs)
             Began as a Troll Monk on Feb 10, 2022.
             Slain by a wyvern (8 damage)
             ... on level 8 of the Dungeon.
             The game lasted 00:20:54 (5565 turns).

issech the Basher (Troll Monk)                      Turns: 5565, Time: 00:20:54

Health: -2/88      AC:  7    Str: 21    XL:     9   Next: 32%
Magic:  8/8        EV: 12    Int:  6    God:
Gold:   236        SH:  0    Dex: 16    Spells: 8/8 levels left

rFire   . . .      SeeInvis .   c - +0 giant club
rCold   + . .      Faith    .   (shield currently unavailable)
rNeg    + . .      Spirit   .   H - +0 robe {rC+}
rPois   .          Reflect  .   (helmet restricted)
rElec   .          Harm     .   d - +2 cloak
rCorr   +          Rampage  .   (gloves unavailable)
Will    .....                   (boots unavailable)
Stlth   ++........              E - amulet of magic regeneration
HPRegen 1.04/turn               e - ring of positive energy
MPRegen 0.51/turn               J - ring of resist corrosion

@: no status effects
A: large, unfitting armour, claws 3, regeneration 1, shaggy fur 1, tough skin 1
a: no special abilities


You were on level 8 of the Dungeon.
You visited 2 branches of the dungeon, and saw 9 of its levels.

You collected 236 gold pieces.

Inventory:

Hand Weapons
 a - a +0 mace
 c - a +0 giant club (weapon)
 j - a +0 flail of pain
 o - a +1 dagger of draining
 r - a +0 whip of electrocution
 s - a +1 hand axe of flaming
 G - a +1 short sword of protection
Missiles
 i - 143 stones (quivered)
 l - 3 boomerangs of dispersal
 m - 12 poisoned darts
 q - 70 arrows
 t - 42 bolts
 y - 11 sling bullets
Armour
 d - a +2 cloak (worn)
 n - a scarf of resistance
 H - a +0 robe of cold resistance (worn)
Jewellery
 e - a ring of positive energy (left claw)
 k - an amulet of faith
 E - an amulet of magic regeneration (around neck)
 J - a ring of resist corrosion (right claw)
 L - a ring of magical power
Scrolls
 b - a scroll of fog {unknown}
 g - a scroll of holy word
 p - a scroll of vulnerability
 u - a scroll of teleportation
 z - a scroll of blinking
 B - a scroll of magic mapping
 D - a scroll of fear
 K - a scroll of noise
Potions
 f - 2 potions of heal wounds {unknown}
 h - a potion of cancellation {unknown}
 v - a potion of brilliance {unknown}
 w - a potion of resistance {unknown}
 x - 3 potions of curing {unknown}
 A - 2 potions of haste {unknown}
 C - a potion of degeneration {unknown}
 F - 2 potions of attraction {unknown}


   Skills:
 + Level 5.2 Fighting
 + Level 9.2 Maces & Flails
 + Level 0.2 Throwing
 + Level 4.9 Dodging
 + Level 2.3 Stealth


You had 8 spell levels left.
You didn't know any spells.
Your spell library contained the following spells:

 Spells                   Type           Power      Damage    Failure   Level
 Magic Dart               Conj           0%         1d3       45%         1
 Slow                     Hex            0%         N/A       45%         1
 Call Imp                 Summ           0%         N/A       58%         2
 Ensorcelled Hibernation  Hex/Ice        0%         N/A       58%         2
 Confusing Touch          Hex            0%         N/A       83%         3
 Mephitic Cloud           Conj/Pois/Air  0%         N/A       83%         3
 Spider Form              Tmut/Pois      0%         N/A       83%         3
 Vampiric Draining        Necr           0%         2d6       83%         3
 Anguish                  Hex/Necr       0%         N/A       99%         4
 Fulminant Prism          Conj/Hex       0%         3d6       99%         4
 Iskenderun's Mystic Bla  Conj/Tloc      0%         2d3       99%         4
 Lee's Rapid Deconstruct  Erth           0%         3d5*      100%        5


Dungeon Overview and Level Annotations

Branches:
Dungeon (7/15)             Temple (1/1) D:6            Lair (0/6) D:8

Altars:
Ashenzari
Dithmenos
Fedhas
Gozag
Kikubaaqudgha
Nemelex Xobeh
Okawaru
Qazlal
Sif Muna
Trog
Uskayaw
Vehumet
Wu Jian
Zin
The Shining One


Innate Abilities, Weirdness & Mutations

You are too large for most types of armour.
You have claws for hands.
Your natural rate of healing is unusually fast.
You are covered in fur. (AC +1)
You have tough skin. (AC +1)


Message History

You feel very sick.
You feel sick.
You feel sick.
You feel sick.
You feel sick.
You feel sick.
You feel sick.
You feel sick.
You feel sick.
You are no longer poisoned.
Found a robe.
A water moccasin comes into view.
The water moccasin hisses angrily.
Found a short sword.
The yak gores you.
* * * LOW HITPOINT WARNING * * *
Found an escape hatch in the floor.
Found a staircase to the Lair.
The yak bellows!
An iguana comes into view.
A water moccasin comes into view.
The iguana falls through a shaft!
The shaft crumbles and collapses.
The water moccasin bites you.
* * * LOW HITPOINT WARNING * * *
The wyvern hisses angrily.
The yak gores the plant.
The plant begins to die.
The water moccasin barely misses you.
Found a robe.
The wyvern bites you!
* * * LOW HITPOINT WARNING * * *
The wyvern bites you!
* * * LOW HITPOINT WARNING * * *
The water moccasin hisses angrily.
A nearby plant withers and dies.
The water moccasin closely misses you. x2
The wyvern bites you but does no damage.
Unknown command.
The water moccasin bites you but does no damage.
The water moccasin bites you.
* * * LOW HITPOINT WARNING * * *
The wyvern barely misses you. The wyvern bites you!
You die...

.......P.[P....♣...P.
#.####....♣P.>.....P.##
..# #..PYY.)P.....♣...
### #.P..Y........... #
#.....Y........# #
#......YY.......####
####.............P.....#
...+......PP..Sl........
####..........S.@...## #
##........####.[.#
##.....### ....# ##...#
.#.## ##)# .#.# #.# .# #
#.# .. ########Y## ##
Y.Y.Y##...##


You could see 5 yaks, 2 water moccasins, a wyvern and a sky beast.

Vanquished Creatures
  Sigmund (D:2)
  A wyvern (D:8)
  Eustachio (D:6)
  Menkaure (D:4)
  Duvessa (D:6)
  3 water moccasins
  An orc warrior (D:3)
  An ice beast (D:6)
  A black bear (D:5)
  2 ogres (D:5)
  A phantom (D:5)
  Blork the orc (D:4)
  4 scorpions
  A water moccasin skeleton (D:4)
  Dowan (D:6)
  A bullfrog zombie (D:5)
  3 centaur skeletons
  A centaur zombie (D:5)
  3 orc priests
  2 hounds
  A bullfrog skeleton (D:5)
  Terence (D:2)
  3 iguanas
  2 orc wizards
  Robin (D:2)
  3 gnolls (D:5)
  A river rat (D:4)
  7 adders
  An ufetubus (D:5)
  4 worms
  6 orcs
  7 bats
  10 endoplasms
  6 giant cockroaches
  15 goblins
  8 hobgoblins
  3 jackals (D:4)
  7 kobolds
  4 quokkas
  6 ball pythons
  5 rats
132 creatures vanquished.

Vanquished Creatures (others)
  A fungus (D:8)
  7 plants (D:8)
8 creatures vanquished.

Grand Total: 140 creatures vanquished

Notes
Turn   | Place    | Note
-------+----------+-------------------------------------------
     0 | D:1      | issech the Troll Monk began the quest for the Orb.
     0 | D:1      | Reached XP level 1. HP: 22/22 MP: 0/0
   122 | D:1      | Reached XP level 2. HP: 29/29 MP: 1/1
   148 | D:1      | Reached skill level 3 in Maces & Flails
   344 | D:1      | Found a faded altar of an unknown god.
   829 | D:2      | Reached XP level 3. HP: 36/36 MP: 2/2
   853 | D:2      | Noticed Robin
   862 | D:2      | Killed Robin
  1137 | D:2      | Noticed Sigmund
  1173 | D:2      | Killed Sigmund
  1174 | D:2      | Reached skill level 4 in Maces & Flails
  1174 | D:2      | Reached XP level 4. HP: 33/45 MP: 3/3
  1174 | D:2      | Reached XP level 5. HP: 39/53 MP: 4/4
  1249 | D:2      | Noticed Terence
  1262 | D:2      | Killed Terence
  1606 | D:3      | Noticed an orc warrior
  1656 | D:3      | Killed an orc warrior
  1657 | D:3      | Reached skill level 5 in Maces & Flails
  1657 | D:3      | Reached XP level 6. HP: 24/61 MP: 5/5
  2737 | D:4      | Noticed Blork the orc
  2769 | D:4      | Reached XP level 7. HP: 46/67 MP: 6/6
  2791 | D:4      | Killed Blork the orc
  2846 | D:4      | Reached skill level 6 in Maces & Flails
  2939 | D:4      | Identified the +3 chain mail of Okuimoit {rN+ MP+9 Int+2
                  | SInv}
  3358 | D:4      | Found a hide-covered altar of Uskayaw.
  3376 | D:4      | Noticed Menkaure
  3389 | D:4      | Killed Menkaure
  3576 | D:5      | Entered Level 5 of the Dungeon
  3777 | D:5      | Reached XP level 8. HP: 31/78 MP: 7/7
  3883 | D:5      | Reached skill level 7 in Maces & Flails
  4155 | D:5      | Found a glowing golden altar of the Shining One.
  4350 | D:6      | Noticed Duvessa
  4350 | D:6      | Noticed Dowan
  4375 | D:6      | Killed Duvessa
  4376 | D:6      | Reached skill level 8 in Maces & Flails
  4379 | D:6      | Killed Dowan
  4542 | D:6      | Found a staircase to the Ecumenical Temple.
  4554 | Temple   | Entered the Ecumenical Temple
  4877 | D:6      | Noticed Eustachio
  4901 | D:6      | Killed Eustachio
  4902 | D:6      | Reached XP level 9. HP: 86/87 MP: 8/8
  5270 | D:6      | Reached skill level 5 in Fighting
  5420 | D:7      | You fall into a shaft and drop 1 floor!
  5510 | D:8      | Reached skill level 9 in Maces & Flails
  5524 | D:8      | HP: 4/88 [poisoned by a water moccasin]
  5529 | D:8      | HP: 3/88 [poisoned by a water moccasin]
  5554 | D:8      | Found a staircase to the Lair.
  5560 | D:8      | HP: 4/88 [wyvern (9)]
  5565 | D:8      | Slain by a wyvern

Illustrated notes

Levels and vault maps discovered:
D:1:      dpeg_arrival_orchard, layout_loops_ring, basic_ecumenical_altar,
          columned_hall_lemuel
D:2:      layout_loops_cross, uniq_robin, uniq_sigmund, uniq_terence
D:3:      layout_basic
D:4:      layout_basic, mainiacjoe_overflow_brackets, gup_sewer_entry_spiral,
          uniq_blork_the_orc, uniq_menkaure
D:5:      layout_gridville, lemuel_round_altar
D:6:      layout_loops_ring, minmay_temple_entry_slanted, uniq_eustachio,
          uniq_duvessa
D:7:      layout_basic, enter_ossuary_1
D:8:      layout_loops_corners, elyvilon_altar_5,
          beargit_hepliaklqana_dungeon_heroes, minmay_lair_entry_grove,
          feat_on_display
Temple:   nicolae_temple_figure_eight

Skill      XL: |  1  2  3  4  5  6  7  8  9 |
---------------+----------------------------+-----
Maces & Flails | 3 4 5 6 8 9 |  9.2
Fighting       | 3 4 5 |  5.2
Dodging        | 3 4 |  4.9
Stealth        | 2 |  2.3
Throwing       | |  0.2

Action                   |  1- 3 |  4- 6 |  7- 9 || total
-------------------------+-------+-------+-------++-------
Melee: Mace              |   139 |    21 |       ||   160
       Punch             |     3 |     1 |     2 ||     6
       Flail             |       |   124 |   142 ||   266
       Giant club        |       |       |   125 ||   125
Throw: Stone             |       |       |     4 ||     4
  Use: Scroll            |       |     1 |     7 ||     8
 Stab: Sleeping          |     1 |     1 |     5 ||     7
       Distracted        |     1 |       |       ||     1
Armor: Robe              |    68 |    64 |   101 ||   233
Dodge: Dodged            |    89 |    75 |   153 ||   317
